 Dungeon Crawl Stone Soup version 0.25-a0-591-g2ad0d861f1 (webtiles) character file.

Game seed: 617853991591804325, levelgen mode: deterministic

5382 Gargoyl the Chopper (level 10, -8/150 HPs)
             Began as a Centaur Abyssal Knight on Mar 14, 2020.
             Was a Priest of Lugonu.
             Mangled by a soul eater (13 damage)
             ... in a Gauntlet.
             The game lasted 00:13:15 (9150 turns).

Gargoyl the Chopper (Centaur Abyssal Knight)        Turns: 9150, Time: 00:13:16

Health: -8/150     AC: 28    Str: 17 (19) XL:     10   Next: 39%
Magic:  3/14       EV:  1    Int:  8 (11) God:    Lugonu [***...]
Gold:   558        SH:  2    Dex:  9 (11) Spells: 9/9 levels left

rFire    + . .     SeeInvis .   i - +3 war axe (venom)
rCold    . . .     Gourm    .   y - +0 buckler {AC+3}
rNeg     + + +     Faith    .   (armour currently unavailable)
rPois    +         Spirit   .   (helmet currently unavailable)
rElec    .         Reflect  .   (cloak currently unavailable)
rCorr    .         Harm     .   (gloves currently unavailable)
MR       .....     NoTele   +   (no barding)
Stlth    +.........             (no amulet)
HPRegen  0.35/turn              f - +3 ring of strength
MPRegen  0.14/turn              b - ring of protection from fire

@: mighty, tree-form, drained
A: large, robust 2, MP-powered wands
a: Depart the Abyss, Bend Space, Banish, Renounce Religion


You were in a Gauntlet.
You worshipped Lugonu.
Lugonu was most pleased with you.
You were near starving.
You were a tree.
You visited 2 branches of the dungeon, and saw 9 of its levels.
You visited the Abyss 1 time.
You also visited: Gauntlet.

You collected 558 gold pieces.

Inventory:

Hand Weapons
 a - a +3 hand axe of freezing
 i - a +3 war axe of venom (weapon)
Armour
 e - a +2 helmet
 q - a +2 plate armour (melded)
 s - a +1 hat of see invisible (melded)
 u - a +0 cloak (melded)
 y - a +0 buckler of protection (worn)
Jewellery
 b - a ring of protection from fire (right branch)
 f - a +3 ring of strength (left branch)
 g - an uncursed ring of protection from cold
Wands
 o - a wand of paralysis (1)
 r - a wand of disintegration (12)
 v - a wand of flame (12)
Scrolls
 h - a scroll of blinking
 k - 11 scrolls of teleportation
 m - a scroll of remove curse
 p - 4 scrolls of identify
 x - a scroll of summoning
Potions
 j - 5 potions of flight
 l - a potion of stabbing
 z - a potion of degeneration
Comestibles
 c - 17 rations


   Skills:
 + Level 6.6(5.8) Fighting
 + Level 7.5(6.7) Axes
 * Level 7.0(6.2) Armour
 * Level 4.1(3.4) Dodging
 * Level 6.5(5.7) Invocations


You had 9 spell levels left.
You didn't know any spells.
Your spell library contained the following spells:

 Spells                   Type           Power        Failure   Level  Hunger
 Animate Skeleton         Necr           N/A          58%         1    ##.....
 Apportation              Tloc           #.....       58%         1    ##.....
 Corona                   Hex            #......      58%         1    ##.....
 Magic Dart               Conj           #...         58%         1    ##.....
 Shock                    Conj/Air       #...         58%         1    ##.....
 Summon Small Mammal      Summ           #...         58%         1    ##.....
 Blink                    Tloc           N/A          73%         2    ###....
 Call Imp                 Summ           #.......     73%         2    ###....
 Slow                     Hex            #.......     73%         2    ###....
 Swiftness                Chrm/Air       #.......     73%         2    ###....
 Conjure Flame            Conj/Fire      #.......     91%         3    ####...
 Mephitic Cloud           Conj/Pois/Air  #.......     91%         3    ####...
 Static Discharge         Conj/Air       #.......     91%         3    ####...
 Airstrike                Air            #.........   100%        4    #####..
 Lightning Bolt           Conj/Air       #.........   100%        5    ######.


Dungeon Overview and Level Annotations

Branches:
Dungeon (8/15)             Temple (0/1) D:5            Lair (1/6) D:8
Gauntlet (1/1)

Altars:
Ashenzari
Cheibriados
Fedhas
Makhleb
Xom
Zin

Shops:
D:5 !

Annotations:
D:3 1 runed translucent door, terminal's ghost, amateur HOMo Gauntlet 5 transporters


Innate Abilities, Weirdness & Mutations

((You have hooves in place of feet.))
((Armour fits poorly on your strangely shaped body.))
((You cover ground very quickly.))
((You have extremely tough skin. (AC +3)))
((You have a pair of small antennae on your head.))
You are very robust. (+20% HP)
You expend magic power (3 MP) to strengthen your wands.


Message History

* * * LOW HITPOINT WARNING * * *
You hit the soul eater.
The soul eater looks even sicker.
The soul eater is moderately wounded.
The soul eater hits you but does no damage.
You completely miss the soul eater.
The soul eater is heavily wounded.
The soul eater hits you but does no damage. x2
You closely miss the soul eater.
The soul eater is moderately wounded.
The soul eater hits you but does no damage.
You barely miss the soul eater.
The soul eater is moderately wounded.
The soul eater hits you but does no damage.
You slash the soul eater!
The soul eater is heavily wounded.
The soul eater hits you but does no damage.
You hit the soul eater.
The soul eater is severely wounded.
The soul eater hits you!
You die...

##≈## ##≈≈≈## ##
##≈≈≈≈≈## ≈
##≈###.......##
≈≈≈#≈≈≈#..∩.⌠.∩..#≈≈≈
#≈.....©.........©....
##.#########.#########
#≈.#...#.3©#.#h#.#..##
≈≈.#.#.#♣###.##h#.##.#
#≈.#.#.#...#.##h##..##
##.#.#.###.#.#y#.©#.#
#≈.#[#..5#.#.#h##..#h
≈≈.#?###.#3#.##..###
≈.#..©#5..#.##./©
#.###############
≈....#©.........©
..⌠.#.⌠.⌠.⌠.⌠.⌠.


You could see a soul eater, a moth of wrath and 2 wolves.

Vanquished Creatures
  Gastronok (D:8)
  Joseph (D:7)
  A centaur skeleton (D:7)
  Grinder (D:6)
  2 hippogriffs (D:7)
  A steam dragon (D:8)
  Duvessa (D:4)
  A sky beast (D:5)
  2 phantoms
  An ice beast (D:8)
  An ogre (D:4)
  2 centaurs
  3 bullfrogs
  A big kobold (D:8)
  A gnoll sergeant (D:6)
  Dowan (D:4)
  A wyvern skeleton (D:8)
  3 scorpions
  5 wights
  2 howler monkeys
  A crimson imp (D:7)
  A gnoll shaman (D:4)
  2 hounds (D:6)
  A jelly (D:5)
  A bullfrog skeleton (D:5)
  An orc priest (D:3)
  3 iguanas
  5 worker ants
  Natasha (thrice) (D:4)
  2 orc wizards
  A killer bee zombie (D:7)
  11 gnolls
  5 adders
  4 shadow imps
  An ooze (D:5)
  An adder zombie (D:5)
  An adder skeleton (D:5)
  4 worms
  A dart slug (D:4)
  4 leopard geckos
  12 orcs
  5 giant cockroaches
  6 hobgoblins
  8 jackals (D:3)
  3 quokkas
  A ball python (D:3)
  7 bats
  8 frilled lizards
  6 goblins (D:1)
  6 kobolds
  A leopard gecko zombie (D:2)
  2 quokka zombies
  A rat (D:3)
151 creatures vanquished.

Vanquished Creatures (collateral kills)
  An orange demon (Abyss:2)
  A quasit (Abyss:2)
  An ufetubus (Abyss:2)
3 creatures vanquished.

Grand Total: 154 creatures vanquished

Notes
Turn   | Place    | Note
-------+----------+-------------------------------------------
     0 | Abyss:1  | Gargoyl the Centaur Abyssal Knight began the quest for the
                  | Orb.
     0 | Abyss:1  | Reached XP level 1. HP: 19/19 MP: 2/2
     1 | Abyss:1  | Found a corrupted altar of Lugonu.
    72 | Abyss:2  | Noticed an orange demon
    79 | Abyss:2  | Killed an orange demon
    79 | Abyss:2  | Reached XP level 2. HP: 25/28 MP: 3/3
    79 | Abyss:2  | Reached XP level 3. HP: 31/34 MP: 4/4
    79 | Abyss:2  | Reached XP level 4. HP: 37/41 MP: 5/5
    97 | Abyss:2  | Reached XP level 5. HP: 45/47 MP: 6/6
   113 | Abyss:2  | Noticed a spatial vortex
   113 | Abyss:2  | Noticed a spatial vortex
   125 | Abyss:2  | Noticed a tentacled starspawn
   130 | Abyss:2  | Noticed a neqoxec
   131 | Abyss:2  | Gained mutation: You are clumsy. (Dex -2) [a neqoxec]
   146 | Abyss:2  | Noticed a large abomination
   152 | Abyss:2  | Noticed a wraith
   166 | Abyss:2  | Noticed a large abomination
   167 | Abyss:2  | Noticed a smoke demon
   169 | D:1      | Escaped the Abyss
   523 | D:1      | Found a shattered altar of Ashenzari.
   556 | D:1      | Reached * piety under Lugonu
   920 | D:2      | Reached skill level 1 in Dodging
  1884 | D:3      | Found a shimmering altar of Xom.
  1917 | D:3      | Noticed terminal's ghost (amateur HOMo)
  1926 | D:3      | Found a runed translucent door.
  1973 | D:3      | Reached XP level 6. HP: 47/55 MP: 8/8
  2076 | D:3      | Reached ** piety under Lugonu
  3053 | D:4      | Noticed Natasha
  3059 | D:4      | Killed Natasha
  3059 | D:4      | Reached skill level 5 in Fighting
  3201 | D:4      | Reached XP level 7. HP: 61/61 MP: 9/9
  3257 | D:4      | Found a blossoming altar of Fedhas.
  3674 | D:4      | Noticed Duvessa
  3686 | D:4      | Noticed Dowan
  3696 | D:4      | Killed Duvessa
  3704 | D:4      | Killed Dowan
  3919 | D:4      | Found a glowing silver altar of Zin.
  3919 | D:4      | Found a shattered altar of Ashenzari.
  3920 | D:4      | Found a snail-covered altar of Cheibriados.
  4007 | D:4      | Noticed Natasha
  4016 | D:4      | Killed Natasha
  4216 | D:4      | Noticed Natasha
  4224 | D:4      | Killed Natasha
  4224 | D:4      | Reached XP level 8. HP: 62/68 MP: 11/11
  4489 | D:5      | Entered Level 5 of the Dungeon
  4604 | D:5      | Found a staircase to the Ecumenical Temple.
  4868 | D:5      | Found Goasuyro's Distillery.
  4968 | D:5      | Reached *** piety under Lugonu
  5014 | D:5      | Reached skill level 5 in Axes
  6173 | D:6      | Reached skill level 5 in Armour
  6381 | D:6      | Noticed Grinder
  6417 | D:6      | Killed Grinder
  6417 | D:6      | Reached skill level 5 in Invocations
  6417 | D:6      | Reached XP level 9. HP: 32/75 MP: 12/12
  7207 | D:7      | Noticed Joseph
  7220 | D:7      | Paralysed by Joseph for 4 turns
  7241 | D:7      | Killed Joseph
  7925 | D:8      | Found a staircase to the Lair.
  8075 | D:8      | Found a burning altar of Makhleb.
  8090 | D:8      | Noticed Gastronok
  8106 | D:8      | Killed Gastronok
  8106 | D:8      | Reached XP level 10. HP: 55/84 MP: 14/14
  8464 | D:8      | Lost mutation: You are clumsy. (Dex -2) [potion of
                  | mutation]
  8464 | D:8      | Gained mutation: You have a pair of small antennae on your
                  | head. [potion of mutation]
  8464 | D:8      | Gained mutation: You are robust. (+10% HP) [potion of
                  | mutation]
  8464 | D:8      | Gained mutation: You are very robust. (+20% HP) [potion of
                  | mutation]
  8464 | D:8      | Gained mutation: You expend magic power (3 MP) to
                  | strengthen your wands. [potion of mutation]
  8994 | Lair:1   | Entered Level 1 of the Lair of Beasts
  9064 | Lair:1   | Found a gate leading to a gauntlet.
  9075 | Gauntlet | Entered a Gauntlet
  9075 | Gauntlet | Found a transporter.
  9075 | Gauntlet | Found a transporter.
  9075 | Gauntlet | Noticed a moth of wrath
  9076 | Gauntlet | Found a runed translucent door.
  9078 | Gauntlet | Noticed a soul eater
  9083 | Gauntlet | Found a transporter.
  9088 | Gauntlet | Found a transporter.
  9088 | Gauntlet | Found a transporter.
  9088 | Gauntlet | Found a transporter.
  9094 | Gauntlet | Noticed a rust devil
  9137 | Gauntlet | HP: 5/150 [shadow imp (4)]
  9144 | Gauntlet | HP: 2/150 [soul eater (3)]
  9150 | Gauntlet | Mangled by a soul eater

Levels and vault maps discovered:
D:1:      dpeg_arrival_concentric_ovals, layout_basic, ashenzari_altar_1
D:2:      layout_loops_corners
D:3:      layout_loops_ring, nicolae_overflow_crystal_walls, first_ration,
          hellmonk_ghost_happy_afterlife
D:4:      layout_basic, lemuel_crystal_altar, gammafunk_temple_overflow_claw,
          minivault_5, corexii_checkpoint_a, uniq_duvessa, uniq_natasha
D:5:      layout_rooms, temple_pool_b, serial_shops, shop
D:6:      layout_rooms, uniq_grinder
D:7:      layout_rooms, uniq_joseph
D:8:      layout_loops_corners, lemuel_doored_altar, lair_entry_dummy,
          blue_anna_alchemist [blue_anna_fruit_fields, blue_anna_fruit_fields],
          st_stairs_12, serial_bayou_crossing, uniq_gastronok
Lair:1:   beast_lair_carwin_large_3, layout_layer_cave, gauntlet_entry_generic,
          lemuel_fruit_tree, grunt_megastairs_3
Gauntlet: minmay_gauntlet_77_indecision [minmay_gauntlet_arena_77_mess,
          minmay_gauntlet_arena_77_path, minmay_gauntlet_arena_77_mirror,
          minmay_gauntlet_arena_77_radiant_squares,
          minmay_gauntlet_arena_77_box, minmay_gauntlet_arena_77_hold_the_fort,
          gauntlet_exit_spiral]

Skill      XL: |  1  2  3  4  5  6  7  8  9 10 |
---------------+-------------------------------+-----
Fighting       | 4 5 6 |  6.6
Axes           | 2 3 4 5 7 |  7.5
Armour         | 2 3 5 6 7 |  7.0
Dodging        | 1 2 3 4 |  4.1
Invocations    | 3 4 5 6 |  6.5

Action                   |  1- 3 |  4- 6 |  7- 9 | 10-12 || total
-------------------------+-------+-------+-------+-------++-------
Melee: Hand axe          |       |   219 |   346 |       ||   565
       Kick              |       |    35 |   104 |     9 ||   148
       War axe           |       |       |    27 |    46 ||    73
Invok: Depart the Abyss  |       |     1 |       |       ||     1
       Bend Space        |       |       |     1 |     1 ||     2
       Banish            |       |       |       |     4 ||     4
  Use: Scroll            |     1 |     9 |    13 |     3 ||    26
       Potion            |       |     2 |     4 |     7 ||    13
  Eat: Chunk             |       |     5 |    11 |     2 ||    18
       Ration            |       |       |     1 |       ||     1
Armor: Ring mail         |       |   106 |    20 |       ||   126
       Leather armour    |       |     2 |       |       ||     2
       Plate armour      |       |       |   261 |    17 ||   278
       Skin              |       |       |    15 |    21 ||    36
Dodge: Dodged            |     1 |    98 |    91 |     5 ||   195
Block: Buckler           |       |       |       |     9 ||     9

Table legend:
 A = Non-vault XP
 B = Vault XP
 C = Vault XP percentage of total XP
 D = Non-vault monster count
 E = Vault monster count
 F = Vault count percentage of total count
                 A         B        C        D         E       F
            +---------+---------+-------+---------+---------+-------
      Total |    4318 |    3371 |  43.8 |     141 |      13 |   8.4
            +---------+---------+-------+---------+---------+-------
        D:1 |      35 |       0 |   0.0 |      21 |       0 |   0.0
        D:2 |      85 |       0 |   0.0 |      12 |       0 |   0.0
        D:3 |     220 |       0 |   0.0 |      36 |       0 |   0.0
        D:4 |     611 |     262 |  30.0 |      17 |       5 |  22.7
        D:5 |     656 |       0 |   0.0 |      15 |       0 |   0.0
        D:6 |    1015 |     277 |  21.4 |      19 |       1 |   5.0
        D:7 |    1040 |     471 |  31.2 |      10 |       1 |   9.1
        D:8 |     435 |    2328 |  84.3 |       8 |       3 |  27.3
    Abyss:2 |     221 |       0 |   0.0 |       3 |       0 |   0.0
   Gauntlet |       0 |      33 | 100.0 |       0 |       3 | 100.0
            +---------+---------+-------+---------+---------+-------
